 Dungeon Crawl Stone Soup version 0.17.1-3-g152610e (webtiles) character file.

5119 Gargoyl the Protected (level 10, -1/79 HPs)
             Began as a Demonspawn Abyssal Knight on Mar 27, 2016.
             Was the Champion of Lugonu.
             Slain by a spiny frog (8 damage)
             ... on level 1 of the Lair of Beasts.
             The game lasted 00:23:40 (8602 turns).

Gargoyl the Protected (Demonspawn Abyssal Knight)   Turns: 8602, Time: 00:23:40

Health: -1/79      AC: 42    Str: 14    XL:     10   Next: 32%
Magic:  13/13      EV:  5    Int: 14    God:    Lugonu [******]
Gold:   457        SH:  0    Dex:  9    Spells: 0 memorised, 9 levels left

rFire  . . .     SeeInvis .     y - +0 battleaxe
rCold  . . .     Clarity  .     d - +15 plate armour of Pragmatism {rPois MR+ Dex-3}
rNeg   + . .     SustAt   +     (shield currently unavailable)
rPois  +         Gourm    .     (no helmet)
rElec  .         Spirit   .     F - +2 cloak
rCorr  .         Warding  .     j - +2 pair of gloves
rMut   .         Stasis   .     (no boots)
MR     +....                    b - amulet of faith
Stlth  ..........               K - ring of sustain attributes
                                G - ring of positive energy

@: lethally poisoned (-1 -> -14), somewhat resistant to hostile enchantments,
extremely unstealthy
A: claws 1, rough black scales 2, rot immunity
a: Depart the Abyss, Bend Space, Banish, Corrupt, Enter the Abyss, Brand Weapon
With Distortion, Renounce Religion


You were on level 1 of the Lair of Beasts.
You worshipped Lugonu.
Lugonu was exalted by your worship.
You were very hungry.

You visited 2 branches of the dungeon, and saw 9 of its levels.
You visited the Abyss 1 time.
You also visited: Sewer.

You collected 457 gold pieces.

Inventory:

Hand Weapons
 t - a +0 war axe
 y - a +0 battleaxe (weapon)
 B - a +0 flail
Missiles
 o - 3 javelins (quivered)
Armour
 d - the +15 plate armour of Pragmatism (worn) {rPois MR+ Dex-3}
   (You found it on level 2 of the Abyss)

   It affects your dexterity (-3).
   It protects you from poison.
   It affects your resistance to hostile enchantments.
 j - a +2 pair of gloves (worn)
 F - a +2 cloak (worn)
Jewellery
 b - an amulet of faith (around neck)
 m - an uncursed amulet of rage
 G - a ring of positive energy (left hand)
 K - a ring of sustain attributes (right hand)
Wands
 r - a wand of cold (3)
 s - a wand of frost (16)
 w - a wand of magic darts (28)
 z - a wand of confusion (48)
 I - a wand of lightning (3)
 L - a wand of magic darts (39)
 M - a wand of paralysis (11)
Scrolls
 e - 13 scrolls of identify
 g - a scroll of fear
 h - 2 scrolls of magic mapping
 i - 7 scrolls of teleportation
 E - 2 scrolls of remove curse
Potions
 f - 2 potions of curing
 n - a potion of degeneration
 q - a potion of haste
 u - a potion of ambrosia {unknown}
 D - 3 potions of heal wounds {unknown}
 J - a potion of might {unknown}
 N - 2 potions of poison {unknown}
 O - 2 potions of brilliance
 P - a potion of flight
Books
 x - a Necronomicon

   Spells                             Type                      Level
   a - Haunt                          Necromancy/Summoning         7
   b - Borgnjor's Revivification      Necromancy                   8
   c - Death's Door                   Charms/Necromancy            8
   d - Necromutation                  Transmutation/Necromancy     8
Comestibles
 c - 7 bread rations
 k - 9 royal jellies
 C - 3 meat rations
 H - 2 beef jerkies


   Skills:
 + Level 7.6 Fighting
 + Level 8.1 Axes
 * Level 8.4 Armour
 + Level 4.0 Dodging
 + Level 1.9 Stealth
 + Level 4.2 Invocations


You had 9 spell levels left.
You didn't know any spells.

Dungeon Overview and Level Annotations

Branches:
Dungeon (8/15)             Temple (0/1) D:7            Lair (1/8) D:8

Altars:
Ashenzari
Elyvilon
Ru
Sif Muna

Shops:
D:5 :

Annotations:
Abyss:1 Pikel


Innate Abilities, Weirdness & Mutations

You have sharp fingernails.
You are mostly covered in rough black scales (AC +7, Dex -2).
You are immune to rotting.


Message History

You closely miss the spiny frog.
The spiny frog is lightly wounded.
The spiny frog stings you!
* * * LOW HITPOINT WARNING * * *
The spiny frog stings you but does no damage.
You hit the spiny frog but do no damage.
The spiny frog is lightly wounded.
The spiny frog stings you but does no damage.
You closely miss the spiny frog.
The spiny frog is lightly wounded.
The spiny frog stings you but does no damage.
The spiny frog stings you.
* * * LOW HITPOINT WARNING * * *
You are lethally poisoned!
The spiny frog poisons you!
Drink which item? (? for menu, Esc to quit)
It was a potion of magic.
Magic courses through your body.
* * * LOW HITPOINT WARNING * * *
You feel sick. The spiny frog stings you!
You die...

##..###.# ##. #P..##..###
#P. ##...##...## #..
#...##....# ### ##
##.#.####..# # ##.# #P.#.#
#.## ## ##...###.#.## #..#
#. #.....##.#..###.## ##
#....FF@......#.# ###
F..=##..#####.....######P#
. #..†# #..............
#....# #......######.#
.$.P..# ##.#P..........
........# #.#########.##
......... . ### ..##..###
# .[ P.#


You could see a spiny frog and a giant frog.

Vanquished Creatures
  A spiny frog (Lair:1)
  The ghost of Peloso the Covered, a novice MiFi (Sewer)
  Grinder (D:3)
  A deep elf fighter (D:8)
  A hippogriff (D:7)
  A yak (D:8)
  Edmund (D:5)
  2 water moccasins
  A sky beast (D:8)
  4 orc warriors
  2 slaves (D:8)
  3 ice beasts
  A centaur (D:5)
  An ogre (D:7)
  5 big kobolds (Sewer)
  3 crocodiles
  7 giant frogs
  2 river rats (D:8)
  2 scorpions
  4 crimson imps
  4 orc priests
  6 jellies
  4 hounds
  7 orc wizards
  3 worker ants
  2 iguanas
  A worker ant zombie (D:6)
  2 hound skeletons
  13 adders
  2 shadow imps
  14 oozes
  An adder zombie (D:7)
  3 adder skeletons
  4 worms
  5 giant geckos
  18 orcs
  14 bats
  4 giant cockroaches
  6 goblins
  10 hobgoblins
  4 jackals (D:2)
  9 kobolds
  6 ball pythons
  7 giant newts
  A jackal skeleton (D:7)
  A jackal zombie (D:5)
  A quokka (D:2)
  A quokka skeleton (D:5)
  A quokka zombie (D:5)
  21 rats
  2 fungi (D:8)
221 creatures vanquished.

Vanquished Creatures (others)
  2 slaves (D:8)
  A rat (D:8)
  2 fungi (D:8)
  3 plants (D:8)
8 creatures vanquished.

Grand Total: 229 creatures vanquished

Notes
Turn   | Place    | Note
--------------------------------------------------------------
     0 | Abyss:1  | Gargoyl the Demonspawn Abyssal Knight began the quest for the Orb.
     0 | Abyss:1  | Reached XP level 1. HP: 18/18 MP: 2/2
    38 | Abyss:1  | Noticed a giant orange brain
    43 | Abyss:1  | Noticed a worldbinder
    47 | Abyss:1  | Noticed a large abomination
    47 | Abyss:1  | Noticed a shadow
    47 | Abyss:1  | Noticed a shadow
    47 | Abyss:1  | Noticed a vampire
    47 | Abyss:1  | Noticed a quasit
    48 | Abyss:1  | Noticed an iron imp
    57 | Abyss:2  | Got a distressingly furry plate armour
    58 | D:1      | Escaped the Abyss
    69 | D:1      | Identified the +15 plate armour of Pragmatism {rPois MR+ Dex-3} (You found it on level 2 of the Abyss)
   344 | D:1      | Reached * piety under Lugonu
   344 | D:1      | Reached skill level 1 in Dodging
   421 | D:1      | Gained mutation: You have sharp fingernails. [demonic ancestry]
   421 | D:1      | Reached XP level 2. HP: 24/24 MP: 4/4
   889 | D:2      | Gained mutation: You are partially covered in rough black scales (AC +4, Dex -1). [demonic ancestry]
   889 | D:2      | Reached XP level 3. HP: 29/29 MP: 5/5
  1059 | D:2      | Reached ** piety under Lugonu
  1179 | D:2      | Found a sacrificial altar of Ru.
  1195 | D:2      | Reached XP level 4. HP: 34/37 MP: 6/6
  1518 | D:3      | Noticed Grinder
  1558 | D:3      | Paralysed by Grinder for 4 turns
  1578 | D:3      | Killed Grinder
  1578 | D:3      | Reached skill level 4 in Fighting
  1578 | D:3      | Gained mutation: You are mostly covered in rough black scales (AC +7, Dex -2). [demonic ancestry]
  1578 | D:3      | Reached XP level 5. HP: 20/42 MP: 6/8
  1578 | D:3      | Reached XP level 6. HP: 22/48 MP: 6/9
  1684 | D:3      | Found a shattered altar of Ashenzari.
  1691 | D:3      | Reached skill level 1 in Stealth
  1699 | D:3      | Reached *** piety under Lugonu
  2610 | D:4      | Gained mutation: You are immune to rotting. [demonic ancestry]
  2610 | D:4      | Reached XP level 7. HP: 25/55 MP: 10/10
  2618 | D:5      | Entered Level 5 of the Dungeon
  2774 | D:5      | Noticed Edmund
  2788 | D:5      | Killed Edmund
  2868 | D:5      | Reached **** piety under Lugonu
  2876 | D:5      | Reached skill level 5 in Fighting
  2929 | D:5      | Found a glowing drain.
  2949 | D:5      | Reached skill level 5 in Armour
  2957 | Sewer    | Entered a sewer
  3002 | Sewer    | Noticed Peloso's ghost (novice MiFi)
  3050 | Sewer    | Killed Peloso's ghost
  3050 | Sewer    | Reached XP level 8. HP: 41/63 MP: 11/11
  3509 | Sewer    | Reached skill level 5 in Axes
  3541 | Sewer    | Reached skill level 6 in Armour
  4429 | D:5      | Found Eggocos's Book Shop.
  4653 | D:5      | Reached ***** piety under Lugonu
  5053 | D:5      | Reached XP level 9. HP: 54/69 MP: 12/12
  5213 | D:6      | Found a white marble altar of Elyvilon.
  5510 | D:6      | Found a deep blue altar of Sif Muna.
  5535 | D:6      | Reached skill level 7 in Armour
  6125 | D:7      | Found a staircase to the Ecumenical Temple.
  6982 | D:8      | Noticed Pikel
  6990 | D:8      | Banished Pikel
  7425 | D:8      | Reached skill level 8 in Armour
  7503 | D:8      | Reached XP level 10. HP: 61/79 MP: 13/13
  7600 | D:8      | Found a staircase to the Lair.
  7767 | D:8      | Reached ****** piety under Lugonu
  8424 | Lair:1   | Entered Level 1 of the Lair of Beasts
  8602 | Lair:1   | Slain by a spiny frog

Action                   |  1- 3 |  4- 6 |  7- 9 | 10-12 || total
-------------------------+-------+-------+-------+-------++-------
Melee: Hand axe          |   128 |   115 |       |       ||   243
       War axe           |       |    92 |    45 |       ||   137
       Battleaxe         |       |       |   763 |   141 ||   904
Throw: Javelin           |       |       |     1 |       ||     1
Invok: Depart the Abyss  |     1 |       |       |       ||     1
       Banish            |       |       |     1 |       ||     1
  Use: Scroll            |       |     1 |     4 |    11 ||    16
       Potion            |       |       |     6 |     1 ||     7
 Stab: Paralysed         |       |     2 |       |       ||     2
  Eat: Chunk             |     1 |     5 |    11 |       ||    17
       Royal jelly       |       |       |     1 |     1 ||     2
       Pizza             |       |       |     2 |       ||     2
       Bread ration      |       |       |     1 |       ||     1
